 Dungeon Crawl Stone Soup version 0.27-a0-1049-g450f9b2e0d (webtiles) character file.

Game seed: 5785770320229109305

1042 Anon1729 the Slasher (level 8, -5/42 HPs)
             Began as a Vine Stalker Gladiator on Apr 20, 2021.
             Was a Priest of Uskayaw.
             Slain by a gnoll
             ... wielding a +0 whip
              (6 damage)
             ... on level 5 of the Dungeon.
             The game lasted 00:08:42 (4742 turns).

Anon1729 the Slasher (Vine Stalker Gladiator)       Turns: 4742, Time: 00:08:42

Health: -5/42      AC:  7    Str: 19    XL:     8   Next: 25%
Magic:  0/11       EV: 17    Int:  8    God:    Uskayaw [***...]
Gold:   225        SH:  0    Dex: 16    Spells: 7/7 levels left

rFire    . . .     SeeInvis .   a - +0 long sword
rCold    . . .     Faith    .   (no shield)
rNeg     . . .     Spirit   +   b - +0 leather armour
rPois    .         Reflect  .   c - +0 helmet
rElec    .         Harm     .   (no cloak)
rCorr    .         Rampage  .   p - +2 pair of gloves
Will     +....                  (no boots)
Stlth    +.........             (no amulet)
HPRegen  1.14/turn              q - +4 ring of evasion
MPRegen  0.12/turn              (no ring)

@: no status effects
A: fangs 3, regeneration 1, magic shield, antimagic bite, no potion heal 2
a: Renounce Religion, Stomp, Line Pass


You were on level 5 of the Dungeon.
You worshipped Uskayaw.
Uskayaw was noncommittal.
You visited 1 branch of the dungeon, and saw 5 of its levels.
You also visited: Sewer.

You collected 225 gold pieces.

Inventory:

Hand Weapons
 a - a +0 long sword (weapon)
 w - a +3 dagger of protection
 x - a +0 whip of holy wrath
Missiles
 d - 3 throwing nets (quivered)
Armour
 b - a +0 leather armour (worn)
 c - a +0 helmet (worn)
 p - a +2 pair of gloves (worn)
Jewellery
 m - a ring of fire
 q - a +4 ring of evasion (left hand)
 y - a ring of poison resistance
 B - a ring of protection from cold
Scrolls
 g - a scroll of enchant weapon
 h - a scroll of fog {unknown}
 j - 4 scrolls of teleportation {unknown}
 o - a scroll of identify {unknown}
 r - a scroll of blinking {unknown}
 v - a scroll of immolation {unknown}
 z - a scroll of amnesia {unknown}
Potions
 e - 4 potions of heal wounds
 f - a potion of lignification {unknown}
 k - a potion of attraction {unknown}
 l - 2 potions of ambrosia {unknown}
 n - 2 potions of mutation {unknown}
 s - 2 potions of might {unknown}
 t - 5 potions of curing {unknown}
 u - a potion of flight {unknown}
 A - a potion of degeneration {unknown}


   Skills:
 + Level 4.2 Fighting
 + Level 2.8(4.2) Short Blades
 + Level 4.8(5.2) Long Blades
 - Level 2.8 Throwing
 + Level 4.3 Dodging
 + Level 3.2 Invocations


You had 7 spell levels left.
You didn't know any spells.
Your spell library contained the following spells:

 Spells                   Type           Power      Damage    Failure   Level
 Corona                   Hex            0%         N/A       45%         1
 Summon Small Mammal      Summ           0%         N/A       45%         1
 Call Imp                 Summ           0%         N/A       61%         2
 Ensorcelled Hibernation  Hex/Ice        0%         N/A       61%         2
 Call Canine Familiar     Summ           0%         N/A       83%         3
 Confusing Touch          Hex            0%         N/A       83%         3
 Dazzling Flash           Conj/Hex       0%         N/A       83%         3
 Stone Arrow              Conj/Erth      0%         3d7       83%         3
 Summon Guardian Golem    Hex/Summ       0%         N/A       83%         3
 Teleport Other           Tloc           0%         N/A       83%         3
 Tukima's Dance           Hex            0%         N/A       83%         3
 Iskenderun's Mystic Bla  Conj/Tloc      0%         2d3       99%         4
 Passage of Golubria      Tloc           N/A        N/A       99%         4
 Summon Ice Beast         Ice/Summ       0%         N/A       99%         4
 Summon Lightning Spire   Summ/Air       0%         N/A       99%         4
 Summon Forest            Summ/Tloc      0%         N/A       100%        5


Dungeon Overview and Level Annotations

Branches:
Dungeon (5/15)              Sewer (visited)
 Temple: D:4-7

Altars:
Ru
Uskayaw

Shops:
D:1 ?   D:3 (


Innate Abilities, Weirdness & Mutations

You have razor-sharp teeth.
Your natural rate of healing is unusually fast.
When hurt, damage is shared between your health and your magic reserves.
Your bite disrupts and absorbs the magic of your enemies.
Potions cannot restore your health.


Message History

The orc wizard shouts!
The gnoll hits you with a +0 flail!
* * * LOW HITPOINT WARNING * * *
The orc wizard closely misses you.
Okay, then.
It was a potion of heal wounds.
That seemed strangely inert.
The orc wizard casts a spell at you. The magic dart hits you.
* * * LOW HITPOINT WARNING * * *
The gnoll completely misses you. The gnoll misses you.
Okay, then.
Okay, then.
The orc wizard misses you.
You riposte.
You hit the orc wizard. You bite the orc wizard.
The orc wizard's magic leaks into the air.
You drain its magic.
You feel invigorated.
The orc wizard is moderately wounded.
Uskayaw will force your foes to helplessly watch your dance.
You aren't carrying any items that you can evoke.
Okay, then.
Okay, then.
You aren't carrying any items that you can evoke.
Okay, then.
As you read the scroll labelled GOERGH DIHEOM, it crumbles to dust.
It is a scroll of enchant weapon.
Your +2 dagger of protection glows red for a moment.
The iguana closely misses you. The orc wizard misses you.
The gnoll hits you with a +0 whip.
* * * LOW HITPOINT WARNING * * *
As you read the scroll labelled PIOBBIB HAOLARU, it crumbles to dust.
You hear a loud clanging noise!
It was a scroll of noise.
You hear an angry hiss.
The iguana closely misses you.
You riposte.
You slash the iguana! Your bite misses the iguana.
The iguana is heavily wounded.
The orc wizard hits you with a +0 dagger.
* * * LOW HITPOINT WARNING * * *
The gnoll hits you with a +0 whip.
You die...

#.....#(........'....
#.....#.........#....
#######...>.#.........#....
#.......).>.######..#######
#......###'##..###<.#######
#......# .#....'....#...#.
#......# .#....#....'...'.
#..)...###########..###.###
#.......gg@##.####..###.###
#........ol#..........'...#
#..........#..........#...#
#######....#####.....######
#.....#....#..########....[
#.....'....'..##.....#.....
#.....#....#........(#.....
#.....#....#.........+.....
#.....#....##'###+####.....


You could see an iguana, an orc wizard and 2 gnolls.

Vanquished Creatures
  An ogre (D:4)
  A centaur (D:5)
  A kobold brigand (Sewer)
  3 scorpions (D:5)
  A howler monkey (D:5)
  3 hounds (D:5)
  An orc priest (D:4)
  2 centaur skeletons
  2 iguanas (D:4)
  Natasha (twice) (D:3)
  An orc wizard (D:4)
  A hound zombie (D:5)
  A gnoll (D:5)
  4 adders
  10 river rats (Sewer)
  3 worms
  3 dart slugs
  9 orcs
  15 ball pythons
  9 bats
  7 endoplasms
  2 giant cockroaches
  2 goblins
  7 hobgoblins
  8 jackals (D:1)
  18 kobolds
  4 frilled lizards
  18 rats
139 creatures vanquished.

Notes
Turn   | Place    | Note
-------+----------+-------------------------------------------
     0 | D:1      | Anon1729 the Vine Stalker Gladiator began the quest for the
                  | Orb.
     0 | D:1      | Reached XP level 1. HP: 11/11 MP: 2/2
   270 | D:1      | Found Tukhod's Magic Scroll Shoppe.
   350 | D:1      | Reached XP level 2. HP: 14/15 MP: 3/3
   681 | D:1      | Reached XP level 3. HP: 14/18 MP: 2/4
  1640 | D:2      | Gained mutation: Your natural rate of healing is unusually
                  | fast. [Vine Stalker growth]
  1640 | D:2      | Reached XP level 4. HP: 13/23 MP: 0/5
  2058 | D:3      | Found a sacrificial altar of Ru.
  2271 | D:3      | Found a faded altar of an unknown god.
  2277 | D:3      | Became a worshipper of Uskayaw the Reveller
  2277 | D:3      | Reached * piety under Uskayaw
  2301 | D:3      | Noticed Natasha
  2307 | D:3      | Reached ** piety under Uskayaw
  2308 | D:3      | Killed Natasha
  2309 | D:3      | Reached XP level 5. HP: 25/27 MP: 4/6
  2452 | D:3      | Noticed Natasha
  2462 | D:3      | Killed Natasha
  2701 | D:3      | Found Taliga's Antique Weapon Emporium.
  2909 | D:4      | Reached *** piety under Uskayaw
  2913 | D:4      | Reached **** piety under Uskayaw
  2914 | D:4      | Reached skill level 1 in Invocations
  2914 | D:4      | Reached XP level 6. HP: 31/32 MP: 5/7
  3023 | D:4      | Identified Sif Muna's Handbook of Earth and Displacement
  3118 | D:4      | Reached skill level 1 in Short Blades
  3372 | D:4      | Found a glowing drain.
  3386 | Sewer    | Entered a sewer
  3437 | Sewer    | Reached XP level 7. HP: 34/36 MP: 7/9
  4199 | D:5      | Entered Level 5 of the Dungeon
  4467 | D:4      | Gained mutation: You have razor-sharp teeth. [Vine Stalker
                  | growth]
  4467 | D:4      | Reached XP level 8. HP: 42/42 MP: 11/11
  4735 | D:5      | HP: 2/42 [gnoll/+0 flail (10)]
  4741 | D:5      | HP: 1/42 [gnoll/+0 whip (5)]
  4742 | D:5      | Slain by a gnoll

Illustrated notes

Levels and vault maps discovered:
D:1:      kennysheep_arrival_forest, layout_basic, serial_rivers,
          chequers_serial_rivers_micro_a, chequers_serial_rivers_micro_c,
          chequers_serial_rivers_large_b, chequers_serial_rivers_micro_e,
          chequers_serial_rivers_small_a, chequers_serial_rivers_marsh,
          serial_shops, shop_statue, minmay_pentomino_t4
D:2:      layout_loops_ring
D:3:      layout_loops_corners, hangedman_ru_absence,
          shapermc_ecumenical_altar_notcrosses, serial_shops, shop, uniq_natasha
D:4:      layout_cave_pools, portal_sewer_entry_a, serial_bayou_ford_a,
          minmay_fractal_squares_gapless_5
D:5:      layout_gridville, minmay_temple_entry_drinking_statues

Skill      XL: |  1  2  3  4  5  6  7  8 |
---------------+-------------------------+-----
Throwing       | 2 |  2.8
Fighting       | 2 3 4 |  4.2
Long Blades    | 3 4 |  4.8
Dodging        | 3 4 |  4.3
Invocations    | 1 2 3 |  3.2
Short Blades   | 1 2 |  2.8

Action                   |  1- 3 |  4- 6 |  7- 9 || total
-------------------------+-------+-------+-------++-------
Melee: Long sword        |    77 |   122 |   148 ||   347
       Bite              |    18 |    51 |    58 ||   127
Throw: Throwing net      |       |       |     3 ||     3
Invok: Stomp             |       |     1 |     2 ||     3
  Use: Scroll            |       |       |     2 ||     2
       Potion            |       |       |     1 ||     1
 Stab: Paralysed         |       |     1 |     8 ||     9
       Sleeping          |       |     1 |       ||     1
       Held in net/web   |       |       |     1 ||     1
Armor: Leather armour    |    30 |    28 |    47 ||   105
Dodge: Dodged            |    60 |    94 |   201 ||   355
       Rpst.: Long sword |    16 |    31 |    53 ||   100

Table legend: (Time is in decaauts)
 A = Elapsed time spent in this place.
 B = Non-inter-level travel time spent in this place.
 C = Inter-level travel time spent in this place.
 D = Time resting spent in this place.
 E = Time spent auto-exploring this place.
 F = Levels seen in this place.
 G = Mean time per level.
                   A        B        C        D        E       F      G
               +--------+--------+--------+--------+--------+-----+--------+
         Total |   4902 |   4766 |    136 |     65 |   3650 |   6 |  817.0 |
       Dungeon |   4238 |   4102 |    136 |     65 |   3278 |   5 |  847.6 |
         Sewer |    664 |    664 |      0 |      0 |    371 |   1 |  664.0 |
               +--------+--------+--------+--------+--------+-----+--------+

Top non-repeatable levels by time:
     D:1: 1125 daAuts
     D:2: 916 daAuts
     D:3: 892 daAuts
     D:4: 828 daAuts
   Sewer: 664 daAuts
     D:5: 476 daAuts
